 Dungeon Crawl Stone Soup version 0.28-a0-1404-g4df0f3684d (webtiles) character file.

Game seed: 946994558872017228

28 lonewolfV2 the Skirmisher (level 2, -3/25 HPs)
             Began as a Palentonga Fighter on Jan 5, 2022.
             Slain by a gnoll (8 damage)
             ... on level 2 of the Dungeon.
             The game lasted 00:02:06 (1554 turns).

lonewolfV2 the Skirmisher (Palentonga Fighter)      Turns: 1554, Time: 00:02:07

Health: -3/25      AC:  6    Str: 19    XL:     2   Next: 96%
Magic:  2/2        EV:  7    Int:  8    God:
Gold:   54         SH:  4    Dex:  9    Spells: 1/1 levels left

rFire   . . .      SeeInvis +   a - +0 war axe
rCold   + . .      Faith    .   c - +0 buckler
rNeg    . . .      Spirit   .   b - +0 scale mail
rPois   .          Reflect  .   (no helmet)
rElec   .          Harm     .   (no cloak)
rCorr   .          Rampage  .   (no gloves)
Will    .....                   (no barding)
Stlth   ..........              j - amulet of the acrobat
HPRegen 0.08/turn               i - ring of protection from cold
MPRegen 0.08/turn               (no ring)

@: lethally poisoned (-3 -> -4)
A: large, rugged brown scales 3, see invisible, deformed body, roll 1, armoured
tail
a: Rolling Charge


You were on level 2 of the Dungeon.
You visited 1 branch of the dungeon, and saw 2 of its levels.

You collected 54 gold pieces.

Inventory:

Hand Weapons
 a - a +0 war axe (weapon)
Armour
 b - a +0 scale mail (worn)
 c - a +0 buckler (worn)
Jewellery
 i - a ring of protection from cold (left hand)
 j - an amulet of the acrobat (around neck)
Scrolls
 g - a scroll of teleportation
Potions
 d - a potion of might
 e - a potion of flight {unknown}
 f - a potion of ambrosia {unknown}
 h - a potion of cancellation


   Skills:
 + Level 3.3 Fighting
 + Level 2.4 Axes
 + Level 2.7 Armour
 + Level 2.6 Shields


You had one spell level left.
You didn't know any spells.
Your spell library was empty.

Dungeon Overview and Level Annotations

Branches:
Dungeon (2/15)

Altars:


Innate Abilities, Weirdness & Mutations

You are completely covered in rugged brown scales. (AC +3, +7% HP)
You have supernaturally acute eyesight. (SInv)
Armour fits poorly on your strangely shaped body.
You can roll at nearby foes to attack.
You have a long armoured tail.


Message History

You feel ready to tumble and roll out of harm's way.
j - an amulet of the acrobat (around neck)
You open the door. You open the door.
There is an open door here.
Found a pair of boots.
You now have 54 gold pieces (gained 8).
An adder comes into view.
A gnoll comes into view. It is wielding a +0 spear.
The gnoll shouts!
You hear a shout!
You miss the adder. The adder barely misses you.
A gnoll comes into view. It is wielding a +0 club.
You block the adder's attack.
You hit the adder.
The adder is lightly wounded.
The adder bites you but does no damage. x2
You barely miss the adder.
Your tail-slap misses the adder.
The adder is lightly wounded.
The adder bites you.
You are poisoned.
The adder poisons you! The adder bites you but does no damage.
You completely miss the adder.
You feel very sick.
The gnoll hits you from afar with a +0 spear.
The adder bites you. You block the gnoll's attack. The adder barely misses you.
You miss the adder.
You feel sick. The adder bites you. The gnoll hits you but does no damage.
You barely miss the adder.
Your tail-slap misses the adder.
You feel sick. You block the adder's attack.
The gnoll hits you from afar with a +0 spear.
* * * LOW HITPOINT WARNING * * *
The adder bites you but does no damage.
You slash the adder!
Your tail-slap misses the adder.
The adder is almost dead.
You feel sick. The adder closely misses you.
The gnoll hits you from afar with a +0 spear.
* * * LOW HITPOINT WARNING * * *
The adder barely misses you.
The gnoll hits you from afar with a +0 spear!
You die...

#..
#.##########
#.#........#
#.#........#
#g#........#
#g#........#
#S#........#
###@#......[.#
#............#
#............#
#............#
#............#
#............#
###.#........#
##
#.#........#
####.
#.#........
#....


You could see 2 gnolls and an adder.

Vanquished Creatures
  A dart slug (D:1)
  4 endoplasms
  2 giant cockroaches (D:1)
  A goblin (D:1)
  2 hobgoblins
  2 jackals (D:1)
  2 quokkas
  3 ball pythons
  A bat (D:2)
  2 frilled lizards
  3 kobolds (D:1)
23 creatures vanquished.

Notes
Turn   | Place    | Note
-------+----------+-------------------------------------------
     0 | D:1      | lonewolfV2 the Palentonga Fighter began the quest for the
                  | Orb.
     0 | D:1      | Reached XP level 1. HP: 19/19 MP: 1/1
   282 | D:1      | Reached XP level 2. HP: 12/25 MP: 2/2
  1467 | D:2      | Found a faded altar of an unknown god.
  1554 | D:2      | Slain by a gnoll

Illustrated notes

Levels and vault maps discovered:
D:1:      dpeg_arrival_pond, layout_basic, minmay_misc_feat_four_crosses,
          chequers_serial_rivers_large_b, st_stairs_13
D:2:      layout_basic, chequers_ecumenical_altar_simple_redux

Action                   || total
-------------------------++-------
Melee: War axe           ||    66
       Tailslap          ||     5
  Use: Scroll            ||     2
       Potion            ||     1
Armor: Scale mail        ||    34
Dodge: Dodged            ||    27
Block: Buckler           ||    16

Table legend: (Time is in decaauts)
 A = Elapsed time spent in this place.
 B = Non-inter-level travel time spent in this place.
 C = Inter-level travel time spent in this place.
 D = Time resting spent in this place.
 E = Time spent auto-exploring this place.
 F = Levels seen in this place.
 G = Mean time per level.
                   A        B        C        D        E       F      G
               +--------+--------+--------+--------+--------+-----+--------+
         Total |   1607 |   1570 |     37 |      0 |   1320 |   2 |  803.5 |
       Dungeon |   1607 |   1570 |     37 |      0 |   1320 |   2 |  803.5 |
               +--------+--------+--------+--------+--------+-----+--------+

Top non-repeatable levels by time:
     D:1: 1130 daAuts
     D:2: 476 daAuts
